Unix NetHack Version 5.0.0-0 post-release - last build Jun 10 2026 00:39:30 (3ee93aec679c4c4259841fe613dc97188e26a321,branch:main).

Game began 2026-06-16 11:31:31, ended 2026-06-16 12:14:18.

FutureTim, lawful female human Valkyrie

                                                                    -------
                                                                    |..<..|
                                                                    |..--.---
                                                                    --.|-...|
                                                                     #@|...--
                                                                     |Gh----
                                                                     #)#

FutureTim the Skirmisher    St:18/04 Dx:7 Co:18 In:12 Wi:9 Ch:7  Lawful
Dlvl:3  $:15 HP:0(37) Pw:9(9) AC:3  Xp:3 T:695 

Latest messages:
 You are now wearing a small shield.
 What do you want to name? [bcdiw or ?*] <enter>
 Never mind.
 What do you want to wear? [i or ?*] c
 You are already wearing that!
 What do you want to wear? [i or ?*] i
 You finish your dressing maneuver.
 You climb up the stairs.
 The gecko bites!
 You hear the splashing of a naiad.
 You miss the gecko.
 The gecko bites!
 You miss the gecko.
 You miss the gecko.
 You miss the gecko.
 You hit the gecko.
 You miss the gecko.
 The grid bug bites!
 You get zapped!
 The gecko bites!
 You kill the gecko!
 The grid bug bites!
 You get zapped!
 You miss the grid bug.
 The grid bug misses!
 You kill the grid bug!
 What do you want to wield? [- bw or ?*] w
 w - a +2 spear (weapon in right hand).
 You kill the newt!
 You descend the stairs.
 You hear crashing rock.
 The dwarf swings his pick-axe.
 The dwarf hits!
 A dagger misses you.
 The dwarf swings his pick-axe.
 The dwarf hits!
 You miss walls' ghost.
 You miss walls' ghost.
 You miss walls' ghost.
 The gnome lord thrusts his dagger.
 The gnome lord hits!
 You see here a dagger.
 The dwarf swings his pick-axe.
 The dwarf hits!
 You die...
 Do you want your possessions identified? [ynq] (y) y
 Do you want to see your attributes? [ynq] (y) y
 Do you want an account of creatures vanquished? [ynaq] (y) y
 Do you want to see your conduct and achievements? [ynq] (y) y
 Do you want to see the dungeon overview? [ynq] (y) y

Inventory:
 Coins    ('$')
  $ - 15 gold pieces
 Weapons  (')')
  b - a +0 dagger (alternate weapon; not wielded)
  w - a +2 spear (weapon in right hand)
 Armor    ('[')
  i - an uncursed +2 orcish helm (being worn)
  c - an uncursed +3 small shield (being worn)
 Comestibles  ('%')
  d - 2 uncursed food rations

FutureTim the Valkyrie's attributes:

Background:
 You were a Skirmisher, a level 3 human Valkyrie.
 You were lawful, on a mission for Tyr
 who was opposed by Odin (neutral) and Loki (chaotic).
 You were right-handed.
 You were in the Gnomish Mines, on level 3.
 You entered the dungeon 695 turns ago.
 There was a new moon in effect when your adventure ended.
 You had 53 experience points, 27 more were needed to attain level 4.

Basics:
 You had 0 out of 37 hit points.
 You had all 9 energy points (spell power).
 Your armor class was 3.
 Your wallet contained 15 zorkmids.
 Autopickup was off.

Final Characteristics:
 Your strength was 18/04 (limit:18/100).
 Your dexterity was 7 (limit:18).
 Your constitution was 18 (limit:18).
 Your intelligence was 12 (limit:18).
 Your wisdom was 9 (limit:18).
 Your charisma was 7 (limit:18).

Final Status:
 You weren't hungry.
 You were unencumbered.
 You were wielding a spear.
 You had basic skill with spear.

Final Attributes:
 You were fervently aligned.
 You were cold resistant.
 You were stealthy.
 You are dead.

Miscellaneous:
 You encountered 1 bones level.
 Total elapsed playing time was 37 minutes and 12 seconds.

Major events:
 Turn
    1: FutureTim the lawful human Valkyrie entered the dungeon
  499: attained the rank of Skirmisher (level 3)
  669: entered the Gnomish Mines
  695: killed by a dwarf

You didn't know any spells.

Skills:
 Fighting Skills
   bare handed combat [Unskilled]
   two weapon combat  [Unskilled]
   riding             [Unskilled]
 Weapon Skills
   dagger             [Basic]
   axe                [Unskilled]
   pick-axe           [Unskilled]
   short sword        [Unskilled]
   broadsword         [Unskilled]
   long sword         [Unskilled]
   two-handed sword   [Unskilled]
   saber              [Unskilled]
   hammer             [Unskilled]
   quarterstaff       [Unskilled]
   polearms           [Unskilled]
   spear              [Basic]
   trident            [Unskilled]
   lance              [Unskilled]
   sling              [Unskilled]
 Spellcasting Skills
   attack spells      [Unskilled]
   escape spells      [Unskilled]

Voluntary challenges:
 Character rerolling was not enabled.
 You never genocided any monsters.
 You never polymorphed an object.
 You used no wishes.
Achievements:
 You attained the rank of Skirmisher.
 You entered the Gnomish Mines.

 The Dungeons of Doom: levels 1 to 3
    Level 1:
       A fountain.
    Level 2:
       An altar to Tyr, a fountain, a sink.
       Stairs down to The Gnomish Mines.
    Level 3:
 The Gnomish Mines:
    Level 3: <- You were here.
       A grave.
       Final resting place for
          you, killed by a dwarf,
          walls-Arc-Hum-Fem-Law, killed by a homunculus, while sleeping.


Vanquished creatures:
  a kitten
  a large kobold
  a cave spider
  a yellow mold
  a gecko
  a kobold
  3 goblins
  3 sewer rats
  2 grid bugs
  5 newts
19 creatures vanquished.

No species were genocided or became extinct.

Game over:
                       ----------
                      /          \
                     /    REST    \
                    /      IN      \
                   /     PEACE      \
                  /                  \
                  |    FutureTim     |
                  |      15 Au       |
                  |   killed by a    |
                  |      dwarf       |
                  |                  |
                  |                  |
                  |       2026       |
                 *|     *  *  *      | *
        _________)/\\_//(\/(/\)/\//\/|_)_______

Farvel FutureTim the Valkyrie...

You died in The Gnomish Mines on dungeon level 3 with 356 points,
and 15 pieces of gold, after 695 moves.
You were level 3 with a maximum of 37 hit points when you died.

